 Dungeon Crawl Stone Soup version 0.30-a0-881-g1ff12e1e11 (webtiles) character file.

Game seed: 3426258990891257999

153344 rezzo the Devastator (level 17, -11/184 HPs)
             Began as an Ogre Conjurer on Mar 15, 2023.
             Was a High Priest of Vehumet.
             Mangled by a mana viper (25 damage)
             ... on level 3 of the Snake Pit.
             The game lasted 02:28:43 (43834 turns).

rezzo the Devastator (Ogre Conjurer)               Turns: 43834, Time: 02:28:44

Health: -11/184    AC: 27    Str: 13    XL:     17   Next: 60%
Magic:  2/36       EV:  8    Int: 27    God:    Vehumet [*****.]
Gold:   637        SH:  0    Dex: 13    Spells: 8/46 levels left

rFire   + + .      SeeInvis .    a - +10 hammer of Ohoshrai {heavy, rF+++ Str-2 Dex+3}
rCold   + + .      Faith    .    (no shield)
rNeg    . . .      Spirit   .    p - +8 ice dragon scales of Gravitas {rElec rPois rF- rC++ Int+2 Stlth-}
rPois   +          Reflect  .    o - +2 hat of Asetheru {rElec Dex+3}
rElec   +          Rampage  .    d - +2 cloak
rCorr   +                        (gloves unavailable)
Will    +....                    (boots unavailable) Stlth
                                 t - amulet of magic regeneration
HPRegen 0.50/turn                f - ring of wizardry
MPRegen 0.65/turn                D - ring of resist corrosion

@: brilliant, lethally poisoned (-11 -> -20), on berserk cooldown, slowed,
invisible, very slow
A: large, unfitting armour, tough skin 1
a: Renounce Religion


You were on level 3 of the Snake Pit.
You worshipped Vehumet.
Vehumet was extremely pleased with you.
You visited 5 branches of the dungeon, and saw 26 of its levels.
You also visited: Gauntlet and Volcano.

You collected 4148 gold pieces.
You spent 3511 gold pieces at shops.

Inventory:

Hand Weapons
 a - the +10 hammer of Ohoshrai (weapon) {heavy, rF+++ Str-2 Dex+3}
   (You found it on level 7 of the Dungeon)

   Str:       It affects your strength (-2).
   Dex:       It affects your dexterity (+3).
   rF:        It renders you almost immune to fire.
 b - the +6 spear of the Sneaky Stories {pain, Will++}
   (You found it in a Gauntlet)

   Will:      It greatly increases your willpower.
Missiles
 M - 6 throwing nets
 S - 11 curare-tipped darts
Armour
 d - a +2 cloak (worn)
 o - the +2 hat of Asetheru (worn) {rElec Dex+3}
   (You found it in a Gauntlet)

   Dex:       It affects your dexterity (+3).
   rElec:     It insulates you from electricity.
 p - the +8 ice dragon scales of Gravitas (worn) {rElec rPois rF- rC++ Int+2 Stlth-}
   (You bought it in a shop on level 11 of the Dungeon)

   Int:       It affects your intelligence (+2).
   rF:        It makes you vulnerable to fire.
   rC:        It greatly protects you from cold.
   rElec:     It insulates you from electricity.
   rPois:     It protects you from poison.
   Stlth:     It makes you less stealthy.
 A - a +0 kite shield of reflection
Magical Staves
 q - a staff of death
 Y - a staff of conjuration
Jewellery
 f - a ring of wizardry (left hand)
 l - an amulet of reflection
 t - an amulet of magic regeneration (around neck)
 w - the ring "Ejogu" {Ice Int+3}
   (You found it in a Gauntlet)

   [ring of ice]

   It enhances your ice magic.
   Int:       It affects your intelligence (+3).
   rF:        It makes you vulnerable to fire.
   rC:        It protects you from cold.
 D - a ring of resist corrosion (right hand)
 N - the ring of Qaskaxt {Fly rPois}
   (You took it off a minotaur in a Gauntlet)

   [ring of flight]

   rPois:     It protects you from poison.
   Fly:       It grants you flight.
 Q - a ring of protection from fire
Wands
 u - a wand of digging (7)
 v - a wand of iceblast (10)
 F - a wand of acid (9)
 P - a wand of flame (21)
 V - a wand of polymorph (11)
 X - a wand of mindburst (11)
Scrolls
 k - 2 scrolls of blinking
 n - a scroll of fog
 r - 3 scrolls of poison
 s - a scroll of fear
 y - 2 scrolls of magic mapping
 G - 3 scrolls of immolation
 H - 5 scrolls of vulnerability
 J - 4 scrolls of enchant armour
 K - 2 scrolls of torment
 R - 6 scrolls of teleportation
 Z - a scroll of summoning
Potions
 c - 13 potions of curing
 e - 2 potions of attraction
 g - 3 potions of flight
 h - 7 potions of lignification
 i - 3 potions of invisibility
 j - 5 potions of berserk rage
 m - 5 potions of haste
 x - 3 potions of might
 z - 6 potions of brilliance
 B - 8 potions of heal wounds
 C - 2 potions of resistance
 E - 6 potions of mutation
 I - 2 potions of magic
 L - 2 potions of cancellation
Miscellaneous
 O - a box of beasts
 U - a condenser vane
 W - a tin of tremorstones (2/2)


   Skills:
 - Level 15.0 Fighting
 - Level 2.0 Throwing
 - Level 10.0 Armour
 - Level 5.0 Dodging
 - Level 5.0 Stealth
 + Level 5.7 Shields
 - Level 15.0 Spellcasting
 - Level 15.0 Conjurations
 - Level 2.0 Hexes
 - Level 10.0 Summonings
 - Level 5.0 Translocations
 - Level 5.0 Transmutations
 - Level 5.0 Evocations


You had 8 spell levels left.
You knew the following spells:

 Your Spells              Type           Power      Damage    Failure   Level
a - Magic Dart            Conj           100%       1d8       1%          1
b - Searing Ray           Conj           100%       2d8       1%          2
c - Iskenderun's Mystic   Conj/Tloc      84%        2d17      1%          4
d - Orb of Destruction    Conj           50%        9d13      2%          7
e - Spellforged Servitor  Conj/Summ      46%        N/A       7%          7
f - Irradiate             Conj/Tmut      42%        3d25      1%          5
g - Lee's Rapid Deconstr  Erth           15%        3d10*     30%         5
h - Blink                 Tloc           100%       N/A       1%          2
i - Summon Mana Viper     Hex/Summ       68%        N/A       11%         5

Your spell library contained the following spells:

 Spells                   Type           Power      Damage    Failure   Level
 Freezing Cloud           Conj/Ice/Air   31%        6-21      4%          5
 Shock                    Conj/Air       100%       1d9       1%          1
 Slow                     Hex            100%       N/A       1%          1
 Lesser Beckoning         Tloc           100%       N/A       1%          2
 Momentum Strike          Conj/Tloc      100%       3d10      1%          2
 Dazzling Flash           Conj/Hex       100%       N/A       1%          3
 Gell's Gravitas          Tloc           63%        N/A       1%          3
 Hailstorm                Conj/Ice       74%        3d15      1%          3
 Summon Guardian Golem    Hex/Summ       68%        N/A       1%          3
 Teleport Other           Tloc           63%        N/A       1%          3
 Fulminant Prism          Conj/Hex       39%        3d17      1%          4
 Arcjolt                  Conj/Air       37%        1d47      1%          5
 Ensorcelled Hibernation  Hex/Ice        76%        N/A       4%          2
 Frozen Ramparts          Ice            60%        1d10      4%          3
 Spider Form              Tmut/Pois      50%        N/A       4%          3
 Vhi's Electric Charge    Tloc/Air       100%       N/A       4%          3
 Confusing Touch          Hex            46%        N/A       6%          3
 Summon Ice Beast         Ice/Summ       63%        N/A       6%          4
 Summon Lightning Spire   Summ/Air       63%        N/A       6%          4
 Airstrike                Air            15%        2d(3-19)  13%         4
 Swiftness                Air            30%        N/A       14%         3
 Vampiric Draining        Necr           30%        2d8       14%         3
 Ice Form                 Ice/Tmut       50%        N/A       16%         4
 Anguish                  Hex/Necr       19%        N/A       28%         4
 Animate Dead             Necr           30%        N/A       41%         4
 Monstrous Menagerie      Summ           42%        N/A       52%         7
 Simulacrum               Ice/Necr       15%        N/A       99%         6
 Haunt                    Necr/Summ      31%        N/A       99%         7
 Storm Form               Tmut/Air       25%        N/A       100%        7
 Infestation              Necr           15%        N/A       100%        8
 Maxwell's Capacitive Co  Air            15%        ∞         100%        8


Dungeon Overview and Level Annotations

Branches:
Dungeon (15/15) Zot: 25604  Temple (1/1) D:5 Zot: 5742    Lair (5/5) D:9 Zot: 18109
  Swamp (0/4) Lair:2        Snake (3/4) Lair:3 Zot: 13600   Slime (0/5) Lair:5
    Orc (2/2) D:12 Zot: 9984     Elf (0/3) Orc:2        Vaults (0/5) D:13
 Depths (0/4) D:15        Volcano (visited)         Gauntlet (visited)

Altars:
Ashenzari
Cheibriados
Dithmenos
Elyvilon
Fedhas
Gozag
Hepliaklqana
Kikubaaqudgha
Makhleb
Nemelex Xobeh
Okawaru
Qazlal
Ru
Sif Muna
Trog
Uskayaw
Vehumet
Wu Jian
Xom
Yredelemnul
Zin
The Shining One
Lugonu

Shops:
D:5 *=*(   D:11 *((!(   Orc:1 =:(:   Orc:2 (*:[

Portals:
Abyss: Lair:5
Trove: D:10 (give 4 potions of resistance)

Annotations:
Snake:3 mandarbmax's ghost, adept DrTm


Innate Abilities, Weirdness & Mutations

You are too large for most types of armour.
You have tough skin. (AC +1)


Message History

You bludgeon the mana viper!!
The mana viper is heavily wounded.
You are no longer berserk.
You are exhausted.
You feel yourself slow down.
You feel very sick. The mana viper barely misses you. The mana viper bites you!
* * * LOW HITPOINT WARNING * * *
The guardian serpent casts a spell at you.
The bolt of poison hits you!
You are more poisoned.
You resist.
* * * LOW HITPOINT WARNING * * *
The bolt of poison hits mandarbmax's ghost.
Mandarbmax's ghost completely resists.
The moth of wrath barely misses you.
The mana viper bites you but does no damage.
The mana viper bites you.
* * * LOW HITPOINT WARNING * * *
The guardian serpent hits you but does no damage.
The guardian serpent hits you!
* * * LOW HITPOINT WARNING * * *
The guardian serpent casts a spell at you.
The moth of wrath barely misses you. The mana viper barely misses you.
The mana viper bites you but does no damage.
The guardian serpent hits you but does no damage.
Mandarbmax's ghost turns its malevolent gaze towards you.
Mandarbmax's ghost closely misses you.
The guardian serpent hits you but does no damage.
Blink to where?
Press: ? - help, Dir - move target
As you read the scroll of blinking, it crumbles to dust.
* * * LOW HITPOINT WARNING * * *
You feel extremely sick.
You hear an angry hiss.
The guardian serpent hits you but does no damage.
You enter the transporter and appear at another place.
* * * LOW HITPOINT WARNING * * *
You feel very sick. The mana viper barely misses you.
The mana viper bites you!!
You die...

#####........#########..##
...................##....#######
.....###.##########.........#..##
###### ### ##########.#...
######## ###########... .......##
##########...........## .##.###.#
#...........#..####### #######.#
##....SS......####.##
####.#..###..###@####.....#...###
#.#......#..##.###..#####.......#
##.........##..... #...©#.......#
#.........#....#.y.#...##...#...
##.........#..##..#WS....#.....).
........#..#...#..SS.##..#.......
......###.##.#....S#y....#.##....
#..#### #.#....###=S.##.##.#####.
#.### #.##..#.$!?[)...#..# #.


You could see a mana viper (berserk) and a guardian serpent.

Vanquished Creatures
  Donald (Orc:2)
  A stone giant (Orc:2)
  Nessos (D:15)
  A minotaur (Gauntlet)
  Snorg (D:11)
  The ghost of Lioraxon the Black Belt, a journeyman OpWn of Gozag (Lair:3)
  An ettin (Orc:2)
  A catoblepas (Gauntlet)
  8 hydras
  2 ogre magi
  4 centaur warriors
  16 two-headed ogres
  2 boulder beetles
  7 anacondas
  7 naga warriors
  A thrashing horror (Lair:5)
  2 death scarabs (Gauntlet)
  2 naga sharpshooters (Snake:3)
  4 shock serpents
  A hell knight (Volcano)
  5 sea snakes (Snake:1)
  An orb spider (shapeshifter) (D:12)
  Pikel (D:5)
  2 naga ritualists
  The ghost of retardedninja the Covered, a novice AtFi (D:5)
  A phantasmal warrior (D:12)
  3 orc knights
  7 deep elf pyromancers
  4 mana vipers
  4 deep elf zephyrmancers
  A spectral boulder beetle (Gauntlet)
  An oklob plant (Lair:1)
  A wolf spider (Lair:4)
  4 manticores
  4 ugly things
  An orc sorcerer (Orc:1)
  A salamander (shapeshifter) (D:15)
  5 salamanders
  7 cyclopes
  2 naga magi
  21 elephants
  A guardian serpent (Snake:1)
  2 molten gargoyles (Volcano)
  4 smoke demons (Lair:5)
  29 black mambas
  4 gargoyles
  A minotaur zombie (Gauntlet)
  9 cane toads
  An unseen horror (D:12)
  5 centaur skeletons
  13 komodo dragons
  6 rime drakes
  2 efreet
  A kobold demonologist (D:13)
  2 tengu conjurers (D:15)
  An ancient zyme (Lair:5)
  6 polar bears
  3 meliai (D:14)
  2 trolls
  2 tarantellas (Lair:4)
  Grinder (D:5)
  12 blink frogs
  3 large abominations (Lair:5)
  A spriggan (D:12)
  A wraith (D:10)
  2 wyverns
  2 ynoxinuls
  A jumping spider (shapeshifter) (D:15)
  A shadow (D:12)
  2 water elementals
  24 yaks
  A jumping spider (Lair:4)
  2 fire bats (Volcano)
  7 basilisks
  A chaos spawn (Lair:5)
  A spectral komodo dragon (Gauntlet)
  3 redbacks (Lair:4)
  4 steam dragons
  2 wargs (Orc:2)
  An acid dragon (D:12)
  15 nagas
  3 swamp worms (Lair:2)
  18 water moccasins
  3 ice beasts
  A sky beast (D:6)
  13 orc warriors
  2 black bears
  8 ogres
  16 wolves
  2 lemures
  15 centaurs
  4 kobold brigands
  2 gnoll sergeants
  10 bullfrogs
  2 scorpions
  7 small abominations (Lair:5)
  5 wights (D:9)
  13 killer bees
  6 howler monkeys
  8 electric eels
  5 lava snakes (Volcano)
  4 crimson imps (D:6)
  A centaur zombie (D:5)
  7 hounds
  A gnoll bouda (D:4)
  3 jellies
  Crazy Yiuf (D:7)
  5 orc priests
  A bullfrog skeleton (D:5)
  4 iron imps (Gauntlet)
  5 orc wizards
  4 iguanas
  5 hell rats (Lair:5)
  11 gnolls
  3 adders
  A shadow imp (D:7)
  A white imp (D:5)
  An ufetubus (D:5)
  A worm (D:3)
  3 dart slugs
  51 orcs
  6 ball pythons
  3 endoplasms
  6 giant cockroaches
  17 goblins
  13 hobgoblins
  28 kobolds
  2 quokkas
  8 bats
  3 frilled lizards (D:3)
  3 rats (D:1)
667 creatures vanquished.

Vanquished Creatures (collateral kills)
  Rupert (Lair:5)
  2 orc warlords (Orc:1)
  A very ugly thing (D:12)
  An ettin (Orc:2)
  An ogre mage (D:13)
  2 boulder beetles
  2 two-headed ogres (Orc:2)
  3 thrashing horrors (Lair:5)
  2 tengu warriors (D:15)
  A naga sharpshooter (Snake:3)
  2 shock serpents
  4 skeletal warriors
  A salamander mystic (Snake:2)
  A naga ritualist (Snake:1)
  3 lindwurms (Lair:4)
  A necromancer (D:15)
  4 deep elf pyromancers
  An oklob plant (Lair:3)
  8 ugly things (D:15)
  5 cyclopes (Orc:2)
  A salamander (Snake:2)
  Maurice (D:13)
  4 black mambas
  3 elephants
  2 naga magi
  A guardian serpent (Snake:3)
  An unseen horror (D:12)
  A centaur skeleton (D:15)
  5 komodo dragons
  An ancient zyme (Lair:5)
  9 blink frogs
  3 wyverns (Lair:4)
  10 yaks
  A spriggan (Lair:5)
  2 centaur simulacra (D:15)
  A small abomination (Lair:5)
  A basilisk (Lair:5)
  A swamp worm (shapeshifter) (D:12)
  A warg (Orc:1)
  A naga (Snake:3)
  2 water moccasins (Lair:4)
  4 orc warriors (Orc:1)
  4 ogres
  A wolf (Lair:4)
  A bullfrog (Lair:4)
  4 lava snakes
  An orc priest (D:13)
  2 orc wizards (Orc:1)
  13 orcs
128 creatures vanquished.

Vanquished Creatures (others)
  An ettin (Orc:2)
  A naga (Snake:1)
  An electric eel (Snake:1)
  3 orcs (Orc:1)
  47 fungi
  54 plants
  14 withered plants (Gauntlet)
121 creatures vanquished.

Grand Total: 916 creatures vanquished

Notes
Turn   | Place    | Note
-------+----------+-------------------------------------------
     0 | D:1      | rezzo the Ogre Conjurer began the quest for the Orb.
     0 | D:1      | Reached XP level 1. HP: 16/16 MP: 3/3
    48 | D:1      | Reached skill level 1 in Fighting
   147 | D:1      | Reached XP level 2. HP: 28/28 MP: 0/5
   407 | D:1      | Learned a level 2 spell: Searing Ray
   944 | D:1      | Reached XP level 3. HP: 37/37 MP: 4/7
  2362 | D:3      | Noticed a kobold brigand
  2455 | D:4      | Reached XP level 4. HP: 46/49 MP: 3/8
  2567 | D:4      | Noticed a water moccasin
  2594 | D:4      | Identified the +5 mace of Xumm {freeze, Int+3}
  2643 | D:4      | Killed a water moccasin
  2644 | D:4      | Reached skill level 5 in Fighting
  2644 | D:4      | Reached XP level 5. HP: 57/57 MP: 5/11
  2698 | D:4      | Learned a level 4 spell: Iskenderun's Mystic Blast
  2882 | D:4      | Reached skill level 5 in Spellcasting
  2882 | D:4      | Reached XP level 6. HP: 66/66 MP: 3/13
  3685 | D:4      | Found a shimmering blue altar of Sif Muna.
  4059 | D:5      | Entered Level 5 of the Dungeon
  4168 | D:5      | Reached skill level 5 in Conjurations
  4226 | D:5      | Found a staircase to the Ecumenical Temple.
  4232 | Temple   | Entered the Ecumenical Temple
  4462 | Temple   | Became a worshipper of Vehumet
  4502 | D:5      | Noticed Grinder
  4519 | D:5      | Killed Grinder
  4520 | D:5      | Reached XP level 7. HP: 78/78 MP: 1/14
  4650 | D:5      | Found a blossoming altar of Fedhas.
  4778 | D:5      | Found Alaps's Jewellery Shoppe.
  4781 | D:5      | Bought a ring of poison resistance for 200 gold pieces
  4800 | D:5      | Noticed a steam dragon
  4854 | D:5      | Found Daghag's Assorted Antiques.
  4857 | D:5      | Bought a lumpy pink potion for 24 gold pieces
  4980 | D:3      | Found a stormy altar of Qazlal.
  6399 | D:5      | Bought a scroll labelled ODASHUO FIWY for 27 gold pieces
  6399 | D:5      | Bought a scroll of identify for 54 gold pieces
  6421 | D:5      | Reached XP level 8. HP: 92/92 MP: 7/15
  6803 | D:5      | Found a transporter.
  6805 | D:5      | Noticed retardedninja's ghost (novice AtFi)
  6847 | D:5      | Found a transporter.
  6862 | D:5      | Reached * piety under Vehumet
  6862 | D:5      | Offered knowledge of Foxfire by Vehumet.
  6996 | D:5      | Found Lozxuseu's Weapon Shoppe.
  7111 | D:5      | Reached skill level 10 in Fighting
  7148 | D:5      | Found Ahasurch's General Store.
  7156 | D:5      | Bought a potion of lignification for 42 gold pieces
  7210 | D:5      | Found an ancient bone altar of Kikubaaqudgha.
  7307 | D:5      | Found a blossoming altar of Fedhas.
  7365 | D:5      | Found a staircase to the Ecumenical Temple.
  7399 | D:5      | Found Daghag's Assorted Antiques.
  7414 | D:5      | Found a transporter.
  7434 | D:5      | Found Lozxuseu's Weapon Shoppe.
  7496 | D:5      | Found Alaps's Jewellery Shoppe.
  7522 | D:5      | Found Ahasurch's General Store.
  7550 | D:5      | Found an ancient bone altar of Kikubaaqudgha.
  8048 | D:6      | Noticed a yak
  8048 | D:6      | Noticed a yak
  8120 | D:7      | You fall into a shaft and drop 1 floor!
  8190 | D:7      | Learned a level 7 spell: Orb of Destruction
  8363 | D:7      | Reached XP level 9. HP: 101/101 MP: 11/16
  9100 | D:7      | Found a runed translucent door.
  9101 | D:7      | Noticed Crazy Yiuf
  9359 | D:6      | Noticed Pikel
  9377 | D:5      | Killed Pikel
  9752 | D:5      | Reached skill level 10 in Conjurations
 10123 | D:6      | Found a shimmering altar of Xom.
 10129 | D:6      | Reached XP level 10. HP: 110/110 MP: 11/19
 10445 | D:7      | Killed Crazy Yiuf
 10541 | D:7      | Identified the +10 hammer of Ohoshrai {heavy, rF+++ Str-2
                  | Dex+3}
 11169 | D:8      | Found an iron altar of Okawaru.
 11306 | D:8      | Reached ** piety under Vehumet
 11307 | D:8      | Offered knowledge of Scorch by Vehumet.
 11642 | D:8      | Found a snail-covered altar of Cheibriados.
 11647 | D:8      | Found a shadowy altar of Dithmenos.
 11650 | D:8      | Found a white marble altar of Elyvilon.
 11955 | D:5      | Bought a potion of cancellation for 112 gold pieces
 12215 | D:9      | Noticed a two-headed ogre
 12236 | D:9      | Killed a two-headed ogre
 12237 | D:9      | Reached skill level 10 in Spellcasting
 12572 | D:9      | Found a staircase to the Lair.
 13201 | D:9      | Offered knowledge of Kindle Blastsparks by Vehumet.
 13460 | D:9      | Reached skill level 5 in Translocations
 13460 | D:9      | Reached XP level 11. HP: 117/117 MP: 19/25
 13593 | D:9      | Learned a level 7 spell: Spellforged Servitor
 13630 | D:10     | Entered Level 10 of the Dungeon
 13883 | D:5      | Bought a ring of ice for 250 gold pieces
 14028 | D:10     | Found a portal to a secret trove of treasure.
 14810 | D:11     | Noticed a two-headed ogre
 14821 | D:11     | Killed a two-headed ogre
 14846 | D:11     | Found Wopayq's Distillery.
 15093 | D:10     | Reached *** piety under Vehumet
 15595 | D:11     | Noticed a cyclops
 15596 | D:11     | Noticed a two-headed ogre
 15601 | D:11     | Killed a two-headed ogre
 15651 | D:11     | Found Zevvied's General Store.
 15671 | D:11     | Bought a scroll of teleportation for 51 gold pieces
 15680 | D:11     | Found Ozeaqe's Weapon Shoppe.
 15704 | D:11     | Killed a cyclops
 15995 | D:11     | Found Pisozo's Antique Weapon Emporium.
 16096 | D:11     | Noticed Snorg
 16102 | D:11     | Killed Snorg
 16103 | D:11     | Noticed a manticore
 16106 | D:11     | Killed a manticore
 16220 | D:11     | Found Kiumn's Antique Weapon Boutique.
 16338 | D:11     | Found a bloodstained altar of Trog.
 16430 | D:11     | Noticed a two-headed ogre
 16448 | D:11     | Killed a two-headed ogre
 16510 | D:11     | Noticed a cyclops
 16514 | D:11     | Killed a cyclops
 16881 | D:5      | Found a transporter.
 16906 | D:5      | Killed retardedninja's ghost
 17240 | D:11     | Bought a scroll of blinking for 127 gold pieces
 17350 | Lair:1   | Entered Level 1 of the Lair of Beasts
 17544 | D:9      | Reached XP level 12. HP: 113/130 MP: 15/26
 17629 | Lair:1   | Identified the +8 short sword "Feykedoi" {freeze, rF- rC+
                  | Str+3}
 17755 | Lair:1   | Offered knowledge of Airstrike by Vehumet.
 17915 | Lair:1   | Found a bloodstained altar of Trog.
 17921 | Lair:1   | Reached skill level 5 in Summonings
 19476 | Lair:2   | Reached **** piety under Vehumet
 19773 | Lair:2   | Offered knowledge of Irradiate by Vehumet.
 19780 | Lair:2   | Learned a level 5 spell: Irradiate
 19815 | Lair:2   | Noticed an eight-headed hydra
 19817 | Lair:2   | Killed an eight-headed hydra
 19823 | Lair:2   | Noticed an eight-headed hydra
 20548 | Lair:2   | Killed an eight-headed hydra
 20549 | Lair:2   | Reached XP level 13. HP: 137/137 MP: 16/27
 21607 | Lair:2   | Found a staircase to the Swamp.
 21821 | Lair:3   | Reached skill level 15 in Conjurations
 21822 | Lair:3   | Reached skill level 1 in Transmutations
 22182 | Lair:3   | Found a staircase to the Snake Pit.
 22197 | Lair:3   | Found a dark tunnel.
 22202 | Volcano  | Entered a volcano
 22325 | Volcano  | Reached ***** piety under Vehumet
 22325 | Volcano  | Offered knowledge of Lee's Rapid Deconstruction by Vehumet.
 22898 | Volcano  | Found a burning altar of Makhleb.
 24137 | Lair:3   | Reached skill level 5 in Transmutations
 24663 | Lair:3   | Reached XP level 14. HP: 146/146 MP: 19/28
 24802 | Lair:3   | Reached skill level 10 in Summonings
 25006 | Lair:3   | Noticed Lioraxon's ghost (journeyman OpWn)
 25014 | Lair:3   | Found a runed translucent gate.
 25018 | Lair:3   | Found a runed translucent gate.
 25018 | Lair:3   | Found a runed translucent gate.
 25775 | Lair:3   | Killed Lioraxon's ghost
 26012 | Lair:3   | Learned a level 5 spell: Lee's Rapid Deconstruction
 27224 | Lair:4   | Found a runed translucent door.
 27384 | Lair:4   | Found a runed translucent gate.
 27384 | Lair:4   | Found a runed translucent gate.
 27384 | Lair:4   | Found a runed translucent gate.
 27384 | Lair:4   | Found a runed translucent gate.
 27385 | Lair:4   | Found a runed translucent gate.
 27387 | Lair:4   | Found a runed translucent gate.
 27689 | Lair:4   | Identified the ring "Xatosuith" {Will- rCorr Int+3 Dex+3}
 27736 | Lair:5   | Entered Level 5 of the Lair of Beasts
 27896 | Lair:5   | Reached skill level 1 in Armour
 28164 | Lair:5   | Noticed Rupert
 28808 | Lair:5   | Found a staircase to the Slime Pits.
 29467 | Lair:5   | Identified the +9 hand axe of Sudden Death {elec, Dex+3}
 29475 | Lair:5   | Offered knowledge of Eringya's Noxious Bog by Vehumet.
 29504 | Lair:5   | Reached XP level 15. HP: 43/153 MP: 16/32
 30086 | Lair:5   | Found a corrupted altar of Lugonu.
 30086 | Lair:5   | Found a one-way gate to the infinite horrors of the Abyss.
 30246 | Lair:5   | Learned a level 2 spell: Blink
 30252 | Lair:5   | Learned a level 5 spell: Summon Mana Viper
 30359 | Lair:5   | Paralysed by Rupert for 5 turns
 30373 | Lair:5   | Killed Rupert
 30374 | Lair:5   | Reached skill level 5 in Dodging
 30374 | Lair:5   | Reached skill level 1 in Hexes
 31261 | D:12     | Reached skill level 5 in Stealth
 31307 | D:12     | Found a staircase to the Orcish Mines.
 31404 | D:12     | Identified the +1 falchion of Dishonour {flame, rC+ Will+}
 32306 | Orc:1    | Entered Level 1 of the Orcish Mines
 32315 | Orc:1    | Noticed an orc warlord
 32318 | Orc:1    | Reached skill level 5 in Armour
 32326 | Orc:1    | Killed an orc warlord
 32604 | Orc:1    | Found Eckyofeu's Jewellery Boutique.
 32609 | Orc:1    | You fall into a shaft and drop 1 floor!
 32609 | Orc:2    | Entered Level 2 of the Orcish Mines
 32735 | Orc:2    | Found Ysmucalu's Antique Armour Shoppe.
 32746 | Orc:2    | Found a staircase to the Elven Halls.
 32876 | Orc:1    | Found a transporter.
 32894 | Orc:1    | Offered knowledge of Arcjolt by Vehumet.
 32946 | Orc:1    | Found Roqanwae's Weapon Emporium.
 32954 | Orc:1    | Found Niajui's Book Boutique.
 33048 | Orc:1    | Found an ornate altar of the Wu Jian Council.
 33048 | Orc:1    | Found a transporter.
 33063 | Orc:1    | Found a transporter.
 33090 | Orc:1    | Found a transporter.
 33091 | Orc:1    | Found an ornate altar of the Wu Jian Council.
 33091 | Orc:1    | Noticed an orc warlord
 33147 | Orc:1    | Found Konnecel's Book Emporium.
 33585 | Orc:1    | Killed an orc warlord
 33673 | Orc:2    | Noticed Donald
 33673 | Orc:2    | Found Ymie's Book Emporium.
 33889 | Orc:2    | Killed Donald
 33890 | Orc:2    | Reached skill level 15 in Fighting
 34121 | D:11     | Bought the +8 ice dragon scales of Gravitas {rElec rPois
                  | rF- rC++ Int+2 Stlth-} for 1944 gold pieces
 34245 | Orc:2    | Found Famuraf's Antique Weapon Boutique.
 34280 | Orc:2    | Found Zaeduoh's General Store.
 34613 | D:11     | Bought a condenser vane for 680 gold pieces
 35047 | D:13     | Reached XP level 16. HP: 176/176 MP: 22/33
 35690 | D:13     | Found a gate to the Vaults.
 36007 | D:13     | Noticed Maurice
 36013 | D:13     | Killed Maurice
 36279 | D:14     | Found a gate leading to a gauntlet.
 36289 | Gauntlet | Entered a Gauntlet
 36289 | Gauntlet | Found a transporter.
 36289 | Gauntlet | Found a transporter.
 36289 | Gauntlet | Found a transporter.
 36415 | Gauntlet | Found a transporter.
 36416 | Gauntlet | Found a transporter.
 36419 | Gauntlet | Found a transporter.
 36426 | Gauntlet | Found a transporter.
 36427 | Gauntlet | Found a transporter.
 36428 | Gauntlet | Found a transporter.
 36430 | Gauntlet | Found a transporter.
 36439 | Gauntlet | Found a transporter.
 36441 | Gauntlet | Found a transporter.
 36737 | Gauntlet | Identified the +2 hat of Asetheru {rElec Dex+3}
 37087 | Gauntlet | Identified the ring of Qaskaxt {Fly rPois}
 37135 | Gauntlet | Identified the +6 spear of the Sneaky Stories {pain,
                  | Will++}
 37135 | Gauntlet | Identified the ring "Ejogu" {Ice Int+3}
 37993 | D:15     | Entered Level 15 of the Dungeon
 38270 | D:15     | Found a blossoming altar of Fedhas.
 38456 | D:15     | Noticed Nessos
 38463 | D:15     | Killed Nessos
 38722 | D:15     | Reached ****** piety under Vehumet
 38723 | D:15     | Reached skill level 1 in Throwing
 38958 | D:15     | Reached skill level 10 in Armour
 39091 | D:15     | Reached skill level 1 in Evocations
 39179 | D:15     | Found a staircase to the Depths.
 39445 | Snake:1  | Entered Level 1 of the Snake Pit
 39864 | Snake:1  | Offered knowledge of Iron Shot by Vehumet.
 39870 | Snake:1  | Reached XP level 17. HP: 128/184 MP: 13/34
 40978 | Snake:1  | Found a broken altar of Ashenzari.
 41403 | Snake:2  | Found a glowing silver altar of Zin.
 41598 | Snake:2  | You fall into a shaft and drop 1 floor!
 41612 | Snake:3  | Reached skill level 5 in Evocations
 41618 | Snake:3  | Reached skill level 15 in Spellcasting
 41957 | Snake:3  | Reached skill level 1 in Shields
 42252 | Snake:3  | Found a transporter.
 42255 | Snake:3  | Noticed mandarbmax's ghost (adept DrTm)
 42366 | Snake:3  | Offered knowledge of Freezing Cloud by Vehumet.
 42597 | Snake:3  | Found a transporter.
 42832 | Snake:3  | Reached skill level 5 in Shields
 43834 | Snake:3  | Mangled by a mana viper

Illustrated notes

Levels and vault maps discovered:
D:1:      zelgadis_glass_arrival_small, layout_basic
D:2:      layout_basic, reono_crystal_passage
D:3:      minmay_door_path, layout_loops_ring, nicolae_overflow_hidden_temple,
          minmay_increasing_density
D:4:      corexii_shantytown, layout_loops_ring, mainiacjoe_overflow_alcove_4
D:5:      layout_rooms, kennysheep_mini, lemuel_coloured_pillars_altar,
          minmay_temple_entry_fiery, serial_shops, kennysheep_mini_moat, shop,
          nicolae_shop_bloodbath_and_beyond, nicolae_shop_behind_doors,
          gammafunk_ghost_mausoleum, minmay_circle_x, uniq_grinder
D:6:      layout_cave_pools, led_xom_imps, nicolae_underground_beach, uniq_pikel
D:7:      layout_gridville, uniq_crazy_yiuf_cottage
D:8:      layout_gridville, mainiacjoe_overflow_catwalk,
          minmay_overflow_temple_star_quad, minmay_misc_feat_pillars
D:9:      layout_long_grid, david_lair_shrubbed
D:10:     layout_gridville, nicolae_trove_entry_columns
D:11:     layout_loops_corners, serial_shops, nicolae_shop_trees, shop,
          nicolae_shop_competitors_out_of_business, nicolae_shop_hallway_plus,
          nicolae_shop_statue_plus, trog_hazing_becter, uniq_snorg
D:12:     hourglass_vault, layout_irregular_city, david_orc_2, serial_rivers,
          chequers_serial_rivers_large_a, chequers_serial_rivers_micro_a,
          chequers_serial_rivers_room_b, chequers_serial_rivers_small_a,
          chequers_serial_rivers_micro_b, chequers_serial_rivers_small_a,
          kennysheep_decorative_pillar, the_hattery
D:13:     layout_cave_pods, hangedman_vaults_entry_quadrant_bands,
          serial_rivers, chequers_serial_rivers_small_3,
          chequers_serial_rivers_micro_e, chequers_serial_rivers_micro_a,
          chequers_serial_rivers_small_b, chequers_serial_rivers_micro_e,
          chequers_serial_rivers_small_a, uniq_maurice
D:14:     layout_basic, gauntlet_entry_generic, hangedman_decor_riveting,
          serial_aquarium, aquarium_bridge_straight [aquarium_subvault_bridge,
          aquarium_subvault_wall, aquarium_subvault_bridge,
          aquarium_subvault_window], aquarium_bridge_square
          [aquarium_subvault_bridge, aquarium_subvault_window,
          aquarium_subvault_bridge, aquarium_subvault_window],
          aquarium_window_1, aquarium_window_1, aquarium_window_1,
          aquarium_view_2c, aquarium_view_2b, aquarium_balcony_5a,
          serial_bayou_lake_a
D:15:     grunt_enter_depths_magical_seal, layout_grid_maze,
          serial_bayou_lagoon_a, fedhas_altar_fruit_tree, uniq_nessos
Temple:   oiseaux_autumnal_temple
Lair:1:   layout_hall_layers, lemuel_oklob_altar, lemuel_fruit_tree
Lair:2:   layout_cave_shapes, palyth_hydra_swamp_entry,
          cheibrodos_lair_reptile_den, grunt_megastairs_2
Lair:3:   layout_loops_ring, guppyfry_snake_entry_island, enter_volcano_4,
          gammafunk_ghost_split
Lair:4:   gammafunk_indiana_jones, layout_gridlike, serial_bayou_shore_a
Lair:5:   hellmonk_lair_end_abyssal_woods, layout_cave_pods, slime_entry_1,
          uniq_rupert
Snake:1:  layout_basic, basic_altar
Snake:2:  layout_gridlike, basic_altar
Snake:3:  layout_grid_shapes, gammafunk_ghost_berserking_beasts,
          grunt_megastairs_3
Orc:1:    dreamdust_wu_jian_sword_trials, layout_caves, serial_shops,
          nicolae_shop_stone, nicolae_square_shop, shop, shop,
          elves_outpost_lemuel
Orc:2:    grunt_orc_gardens, layout_diamond_mine, grunt_orc_garden,
          grunt_orc_garden, grunt_orc_garden, grunt_orc_garden, uniq_donald

Skill      XL: |  1  2  3  4  5  6  7  8  9 10 11 12 13 14 15 16 17 |
---------------+----------------------------------------------------+-----
Fighting       | 2 3 4 5 7 9 10 11 15 | 15.0
Spellcasting   | 3 4 5 6 10 13 15 | 15.0
Conjurations   | 5 7 10 12 14 15 | 15.0
Translocations | 5 |  5.0
Summonings     | 3 6 9 10 | 10.0
Transmutations | 5 |  5.0
Dodging        | 4 5 |  5.0
Armour         | 3 5 10 | 10.0
Stealth        | 3 5 |  5.0
Hexes          | 2 |  2.0
Throwing       | 2 |  2.0
Evocations     | 3 5 |  5.0
Shields        | 5 |  5.7

Action                     |  1- 3 |  4- 6 |  7- 9 | 10-12 | 13-15 | 16-18 || total
---------------------------+-------+-------+-------+-------+-------+-------++-------
  Melee: Dagger            |     4 |       |       |       |       |       ||     4
         Mace              |       |     8 |    11 |    19 |    39 |    14 ||    91
         Staff             |       |       |       |       |    32 |       ||    32
         Falchion          |       |       |       |       |       |     3 ||     3
         Spear             |       |       |       |       |       |     1 ||     1
  Throw: Dart              |       |       |     3 |     6 |     9 |     4 ||    22
         Throwing net      |       |       |     2 |     5 |     3 |     1 ||    11
   Cast: Magic Dart        |    64 |    27 |    70 |   100 |    70 |       ||   331
         Searing Ray       |     2 |    26 |    69 |    87 |    27 |     2 ||   213
         Iskenderun's Myst |       |       |       |    48 |   114 |    63 ||   225
         Orb of Destructio |       |       |       |    57 |   163 |   153 ||   373
         Spellforged Servi |       |       |       |       |    38 |    16 ||    54
         Irradiate         |       |       |       |       |    21 |    52 ||    73
         Summon Mana Viper |       |       |       |       |     7 |     2 ||     9
  Evoke: Wand              |       |       |       |       |     4 |       ||     4
         Box of beasts     |       |       |       |       |     1 |       ||     1
    Use: Scroll            |     6 |     5 |    13 |     5 |     6 |     2 ||    37
         Potion            |       |     3 |     1 |       |     3 |     4 ||    11
   Stab: Invisible         |       |       |       |       |       |     1 ||     1
 Armour: Robe              |     4 |     9 |    50 |    69 |       |       ||   132
         Skin              |       |    16 |       |       |       |       ||    16
         Troll leather arm |       |       |       |    33 |   225 |       ||   258
         Ice dragon scales |       |       |       |       |       |   205 ||   205
  Dodge: Dodged            |     7 |    11 |    46 |   120 |   154 |   103 ||   441

Table legend: (Time is in decaauts)
 A = Elapsed time spent in this place.
 B = Non-inter-level travel time spent in this place.
 C = Inter-level travel time spent in this place.
 D = Time resting spent in this place.
 E = Time spent auto-exploring this place.
 F = Levels seen in this place.
 G = Mean time per level.
                   A        B        C        D        E       F      G
               +--------+--------+--------+--------+--------+-----+--------+
         Total |  43947 |  40520 |   3427 |  17266 |  17346 |  28 | 1569.5 |
       Dungeon |  23019 |  20381 |   2638 |   7197 |  10326 |  15 | 1534.6 |
        Temple |    257 |    214 |     43 |      0 |    193 |   1 |  257.0 |
          Lair |  11890 |  11470 |    420 |   6508 |   3314 |   5 | 2378.0 |
     Snake Pit |   4398 |   4234 |    164 |   1741 |   1962 |   3 | 1466.0 |
  Orcish Mines |   2015 |   1855 |    160 |    631 |    789 |   2 | 1007.5 |
       Volcano |   1410 |   1410 |      0 |    628 |    570 |   1 | 1410.0 |
      Gauntlet |    955 |    955 |      0 |    561 |    192 |   1 |  955.0 |
               +--------+--------+--------+--------+--------+-----+--------+

Top non-repeatable levels by time:
  Lair:5: 2936 daAuts
     D:5: 2775 daAuts
  Lair:1: 2641 daAuts
  Lair:2: 2472 daAuts
    D:11: 2167 daAuts
  Lair:3: 2115 daAuts
     D:9: 1987 daAuts
     D:4: 1978 daAuts
 Snake:1: 1844 daAuts
  Lair:4: 1724 daAuts
    D:13: 1540 daAuts
    D:12: 1535 daAuts
 Snake:3: 1460 daAuts
     D:7: 1460 daAuts
 Volcano: 1410 daAuts
